[Event "Team 45 45 League T71"]
[Site "Internet Chess Club"]
[Date "2017.01.07"]
[Round "4"]
[White "platolag"]
[Black "julesraider"]
[Result "0-1"]
[WhiteElo "1605"]
[BlackElo "1675"]
[Opening "King's Indian: 5.Be2"]
[ECO "E73"]
[Time "14:14:06"]
[TimeControl "2700+45"]

1. d4 Nf6 2. c4 g6 3. Nc3 Bg7 4. e4 d6 5. Be2 O-O 6. g4 e5 7. d5 a5 8. h4 Qd7 9.
h5 Nxg4 10. f3 Nf6 11. hxg6 fxg6 12. Bh6 Bxh6 13. Rxh6 Nh5 14. Qd2 Qf7 15. Rxh5
gxh5 16. Bf1 Qf4 17. Qf2 h4 18. Nce2 Qg5 19. c5 Na6 20. cxd6 Nb4 21. Kd1 Nd3 22.
Qh2 cxd6 23. Bh3 Qe3 24. Be6+ Kh8 25. Qxh4 Nxb2+ 26. Kc2 Nd3 27. Rb1 Bxe6 28.
Rxb7 Rac8+ 29. Kb1 Rc1+ 30. Nxc1 Qxc1# {White checkmated} 0-1

[Event "Team 45 45 League T71"]
[Site "Internet Chess Club"]
[Date "2017.01.05"]
[Round "4"]
[White "tightfist"]
[Black "Konstantinos"]
[Result "0-1"]
[WhiteElo "1532"]
[BlackElo "1677"]
[Opening "Queen's pawn game, Darooha variation "]
[ECO "D02"]
[Time "14:01:51"]
[TimeControl "2700+45"]

1. Nf3 d5 2. d4 Nf6 3. Nc3 e6 4. Bd2 Be7 5. e3 O-O 6. Bd3 c5 7. b3 b6 8. O-O Ba6
9. Qe2 Bxd3 10. cxd3 Nc6 11. Rac1 cxd4 12. exd4 Ba3 13. Rb1 h6 14. Nb5 Qe7 15.
Nxa3 Qxa3 16. Bc1 Qa6 17. a3 Rfe8 18. Bb2 Rac8 19. Rbc1 Na5 20. b4 Nb7 21. Ne5
Qa4 22. Qd1 Qb5 23. Qd2 Red8 24. Rc2 Qe8 25. Rfc1 Rxc2 26. Qxc2 Nd6 27. Qc7 Nb5
28. Qc6 Nd6 29. a4 Qxc6 30. Nxc6 Rd7 31. Ne5 Rb7 32. Rc6 Nfe8 33. f4 f6 34. Ng6
Kf7 35. Nh8+ Kg8 36. Ng6 Kf7 37. Nh8+ Kg8 38. Ng6 Rc7 39. Rxc7 Nxc7 40. Ne7+ Kf7
41. Nc6 b5 42. a5 a6 43. g4 Ke8 44. h4 Nf7 45. Kf2 Kd7 46. Na7 Ne8 47. Ke3 f5
48. g5 h5 49. Kf3 g6 50. Ke3 Kc7 51. Kd2 Kb7 52. Nxb5 axb5 53. Kc3 Nc7 54. Bc1
Nd8 55. Kb3 Nc6 56. Bb2 Na6 57. Bc3 Naxb4 58. Bxb4 Nxd4+ 59. Kb2 Nf3 60. Bd6
Nxh4 61. Kc3 Nf3 62. Bc5 h4 63. Bf2 h3 64. Bg3 h2 65. Bxh2 Nxh2 66. Kb4 Ka6 67.
d4 Nf3 68. Kc5 Kxa5 69. Kd6 Nxg5 70. fxg5 f4 71. Kxe6 f3 72. Kf6 f2 73. Kxg6 b4
74. Kh7 b3 75. g6 f1=R 76. g7 Rf7 77. Kg6 Rxg7+ 78. Kxg7 Kb4 79. Kf6 Kc4 80. Ke5
b2 {White resigns} 0-1

[Event "Team 45 45 League T71"]
[Site "Internet Chess Club"]
[Date "2017.01.09"]
[Round "4"]
[White "Insan996"]
[Black "rubo"]
[Result "1-0"]
[WhiteElo "1590"]
[BlackElo "1600"]
[Opening "King's Indian, 3.Nf3"]
[ECO "E61"]
[Time "20:04:49"]
[TimeControl "2700+45"]

1. d4 Nf6 2. Nf3 g6 3. c4 Bg7 4. Nc3 O-O 5. g3 c5 6. Bg2 cxd4 7. Nxd4 d6 8. O-O
Nc6 9. Nxc6 bxc6 10. Bxc6 Rb8 11. b3 Bh3 12. Re1 Ng4 13. Bb2 Qb6 14. e3 Qxc6 15.
Nd5 Bf6 16. Bxf6 Rfe8 17. Bxe7 Rb7 18. Bf6 Re6 19. Qf3 Kf8 20. e4 Qc5 21. Re2 h5
22. Qf4 Nxf6 23. Nxf6 Kg7 24. Nd5 Qd4 25. Rae1 f5 26. e5 Qxf4 27. Nxf4 Rxe5 28.
Nxh3 Rbe7 29. Kf1 Kf6 30. Nf4 Rxe2 31. Rxe2 Re5 32. Nd5+ Ke6 33. f4 Re4 34. Kf2
Rxe2+ 35. Kxe2 Kd7 36. Ke3 Ke6 37. Kd4 Kd7 38. b4 Ke6 39. Nc3 a6 40. a4 Ke7 41.
Kd5 Kd7 42. h3 Kc7 43. Ne2 Kd7 44. Nd4 Kc7 45. Ne6+ {Black resigns} 1-0

[Event "Team 45 45 League T71"]
[Site "Internet Chess Club"]
[Date "2017.01.06"]
[Round "4"]
[White "nosir"]
[Black "Gilguli"]
[Result "1/2-1/2"]
[WhiteElo "1528"]
[BlackElo "1391"]
[Opening "Torre attack (Tartakower variation)"]
[ECO "D03"]
[Time "07:03:44"]
[TimeControl "2700+45"]

1. d4 d5 2. Nf3 Nf6 3. Bg5 Nc6 4. e3 Bf5 5. c3 e6 6. Bb5 a6 7. Bd3 Bxd3 8. Qxd3
Be7 9. h3 Qd6 10. Bf4 Qd8 11. Nbd2 O-O 12. e4 dxe4 13. Nxe4 Nxe4 14. Qxe4 Qd5
15. Qxd5 exd5 16. Bxc7 b5 17. O-O b4 18. Rfe1 Bf6 19. Bd6 Rfd8 20. Bc5 bxc3 21.
bxc3 Na5 22. Bb6 Nc4 23. Bxd8 Rxd8 24. Re2 Kf8 25. Rae1 Na3 26. Ne5 Bxe5 27.
Rxe5 Nb5 28. R1e3 Na3 29. Re2 Nb1 30. R5e3 Rc8 31. Rc2 Na3 32. Rc1 Nc4 33. Rd3
Rb8 34. Rdd1 Rb2 35. a4 a5 36. Rb1 Ra2 37. Ra1 Rc2 38. Rdc1 Re2 39. Kf1 Rb2 40.
Ke1 Ke7 41. Rab1 Ra2 42. Rb5 Rxa4 43. Rxd5 Ra2 44. Rb1 a4 45. Rb4 Ra1+ 46. Ke2
Ra2+ 47. Kd3 Nb2+ 48. Rxb2 Rxb2 49. Re5+ Kd6 50. Ke3 a3 51. Ra5 a2 52. c4 f5 53.
Ra6+ Kc7 54. d5 f4+ 55. Kf3 g5 56. d6+ Kd7 57. c5 Rc2 58. Ra7+ Kd8 59. c6 Rxc6
60. Rxa2 Rxd6 61. Re2 Kd7 62. Kg4 h6 63. Kh5 Rf6 64. f3 Rd6 65. h4 gxh4 66. Kxh4
Rf6 67. Kh5 Rd6 68. Re4 Rf6 69. Kh4 Kd6 70. Kg4 Rg6+ 71. Kh5 Rf6 72. Re8 Rf7 73.
Rg8 Ke6 74. Kxh6 Kf5 75. Rg5+ Ke6 76. Rg6+ Ke5 77. Kh5 Rh7+ 78. Rh6 Rg7 79. Rg6
Rh7+ 80. Kg4 Rf7 81. Rg5+ Kd4 82. Rf5 Rg7+ 83. Kxf4 Rxg2 84. Re5 Rh2 85. Re1 Kd5
86. Kg5 Rg2+ 87. Kf5 Kd6 88. Re4 Rf2 89. Rf4 Kd5 90. Kf6 Kd6 91. Rf5 Re2 92. Kg5
Ke6 93. Rf6+ Ke7 94. f4 Rg2+ 95. Kf5 Rf2 96. Ra6 Kf7 97. Ra4 Re2 98. Kg5 Rg2+
99. Kf5 Re2 100. Ra7+ Kf8 101. Kf6 Ke8 102. f5 Rf2 103. Ra8+ Kd7 104. Ra5 Rf1
105. Kf7 Kd6 106. f6 Rf2 107. Rg5 Rb2 108. Rg1 Ke5 109. Re1+ Kf5 110. Re6 Rb7+
111. Re7 Rb6 112. Kf8 Rxf6+ 113. Rf7 Rxf7+ 114. Kxf7 {Game drawn because neither
player has mating material} 1/2-1/2

[Event "Team 45 45 League T71"]
[Site "Internet Chess Club"]
[Date "2017.01.07"]
[Round "4"]
[White "bardu"]
[Black "g8wrb"]
[Result "1-0"]
[WhiteElo "1464"]
[BlackElo "1254"]
[Opening "Nimzo-Indian: 4.e3 O-O, 5.Bd3"]
[ECO "E47"]
[Time "12:06:53"]
[TimeControl "2700+45"]

1. d4 e6 2. c4 Nf6 3. Nc3 Bb4 4. e3 O-O 5. Bd3 b6 6. Ne2 Bb7 7. O-O Qe7 8. a3
Bd6 9. e4 e5 10. d5 c6 11. b4 a5 12. Bg5 axb4 13. axb4 Rxa1 14. Qxa1 Bxb4 15.
Qa7 d6 16. Qxb6 Bc5 17. Qb2 cxd5 18. Bxf6 gxf6 19. exd5 Kh8 20. Qd2 Rg8 21. Qh6
Rg7 22. Ng3 Nd7 23. Nh5 Qf8 24. Nxg7 Qxg7 25. Qxg7+ Kxg7 26. Rb1 Nb6 27. Ne4 Bd4
28. Nxd6 Ba6 {Black resigns} 1-0

[Event "Team 45 45 League T71"]
[Site "Internet Chess Club"]
[Date "2017.01.05"]
[Round "4"]
[White "JRussell2"]
[Black "Toalla"]
[Result "0-1"]
[WhiteElo "1281"]
[BlackElo "1231"]
[Opening "Queen's pawn game"]
[ECO "A46"]
[Time "16:01:32"]
[TimeControl "2700+45"]

1. d4 Nf6 2. Nf3 a6 3. g3 b5 4. b3 e6 5. Bg2 Bb7 6. Bb2 c5 7. e3 d5 8. Nbd2 Nc6
9. Rc1 Rc8 10. O-O Be7 11. c4 O-O 12. dxc5 Nb4 13. a3 Nd3 14. Rc2 Nxb2 15. Rxb2
dxc4 16. bxc4 Rxc5 17. cxb5 Rxb5 18. Rxb5 axb5 19. Qb1 Qa5 20. Qa2 Qxa3 21. Qb1
Qa6 22. Qb3 Bd5 23. Qb2 Ba3 24. Qd4 b4 25. e4 Ba2 26. e5 Nd5 27. Ra1 Nc3 28. Bf1
Qa4 29. Nc4 Nb5 30. Qe4 b3 31. Nxa3 Qxe4 {White resigns} 0-1

[Event "Team 45 45 League T71"]
[Site "Internet Chess Club"]
[Date "2017.01.06"]
[Round "4"]
[White "clarinetref"]
[Black "bmw2002"]
[Result "0-1"]
[WhiteElo "1560"]
[BlackElo "1550"]
[Opening "Caro-Kann: classical variation"]
[ECO "B18"]
[Time "21:05:40"]
[TimeControl "2700+45"]

1. e4 c6 2. d4 d5 3. Nc3 dxe4 4. Nxe4 Bf5 5. Ng3 Bd7 6. Nf3 Nf6 7. Bd3 c5 8. c3
cxd4 9. Nxd4 Nc6 10. Nb5 a6 11. Na3 e5 12. Nc4 b5 13. Ne3 Bd6 14. Bxb5 Qc7 15.
Nef5 Bc5 16. Bd3 O-O 17. O-O Rfe8 18. Bg5 Qd8 19. Ne4 Be7 20. Nxe7+ Qxe7 21.
Nxf6+ gxf6 22. Qh5 e4 23. Qh4 fxg5 24. Qg3 exd3 25. Qxd3 Qe4 26. Qg3 h6 27. Qd6
Qe6 28. Qg3 Rad8 29. h4 Qg4 30. Qd3 Ne5 31. Qg3 Qxg3 32. fxg3 gxh4 33. gxh4 Nc4
34. b3 Ne3 35. Rf6 Re6 36. Rf4 Bc6 37. g3 Rd2 38. Rf2 Rd3 39. c4 Ng4 {White
resigns} 0-1

[Event "Team 45 45 League T71"]
[Site "Internet Chess Club"]
[Date "2017.01.08"]
[Round "4"]
[White "Zyme"]
[Black "sdcohle"]
[Result "1-0"]
[WhiteElo "1432"]
[BlackElo "1487"]
[Opening "QGD semi-Slav"]
[ECO "D43"]
[Time "21:32:04"]
[TimeControl "2700+45"]

1. d4 d5 2. c4 c6 3. Nc3 Nf6 4. Nf3 e6 5. Bg5 h6 6. Bxf6 Qxf6 7. e3 Nd7 8. Bd3
c5 9. cxd5 cxd4 10. Nxd4 Bb4 11. dxe6 Bxc3+ 12. bxc3 fxe6 13. Qb3 Nc5 14. Qb5+
Nd7 15. O-O O-O 16. Nxe6 a6 17. Qb3 Rf7 18. Be4 Nf8 19. Nxf8 Kxf8 20. Qb4+ Kg8
21. Rad1 Rb8 22. Qd6 Be6 23. Qxb8+ Rf8 24. Qxb7 Bc4 25. Bd5+ Bxd5 26. Qxd5+ Kh8
27. Qd6 Qf7 28. Qxa6 Kh7 29. Rd4 Qf5 30. Rf4 Qc8 31. Qxc8 Rxc8 32. Rc1 Rd8 33.
a4 Rd2 34. c4 Ra2 35. c5 Kg6 36. c6 Rb2 37. c7 Kg5 38. c8=Q Kg6 39. Qf5# {Black
checkmated} 1-0

[Event "Team 45 45 League T71"]
[Site "Internet Chess Club"]
[Date "2017.01.06"]
[Round "4"]
[White "Visin"]
[Black "BrerRabbit"]
[Result "1/2-1/2"]
[WhiteElo "1187"]
[BlackElo "1413"]
[Opening "Van't Kruijs opening"]
[ECO "A00"]
[Time "10:31:36"]
[TimeControl "2700+45"]

1. e3 d6 2. g3 Nf6 3. Bg2 e6 4. Nc3 Be7 5. d4 O-O 6. Nge2 d5 7. e4 dxe4 8. Nxe4
Nbd7 9. c3 Rb8 10. O-O b6 11. b4 Nxe4 12. Bxe4 Nf6 13. Bg2 Bb7 14. a4 Bxg2 15.
Kxg2 Nd5 16. b5 Ra8 17. Bd2 a6 18. c4 Nf6 19. f3 axb5 20. axb5 Qc8 21. Qc2 Qb7
22. Nc3 Rfd8 23. Be3 Ra5 24. Rxa5 bxa5 25. Kg1 Bb4 26. Na2 Be7 27. Qe2 c6 28.
Qb2 cxb5 29. Qxb5 Qxb5 30. cxb5 Nd5 31. Bf2 Rc8 32. Rc1 Rxc1+ 33. Nxc1 Bb4 34.
Na2 Be7 35. Kf1 Kf8 36. Ke2 Ke8 37. Kd3 Kd7 38. Be1 a4 39. Bd2 Kc7 40. Kc4 Kb6
41. Nb4 Bxb4 42. Bxb4 Nc7 43. Bc5+ Ka5 44. Bb4+ Kb6 45. Bc5+ Ka5 46. b6 Na6 47.
b7 Nb8 48. Bd6 Na6 49. b8=Q Nxb8 50. Bxb8 a3 51. Kb3 Kb5 52. Bd6 a2 53. Kxa2 Kc4
54. Bb8 Kxd4 55. f4 Ke4 56. g4 Kf3 57. Kb2 Kxg4 58. Kc2 Kh3 59. Kd2 Kxh2 60. f5+
Kh3 61. fxe6 fxe6 62. Ke3 Kg4 63. Ke4 h5 64. Ke5 g5 65. Kxe6 Kf3 66. Kf5 g4 67.
Kg5 g3 68. Bxg3 Kxg3 69. Kxh5 {Game drawn because neither player has mating
material} 1/2-1/2

[Event "Team 45 45 League T71"]
[Site "Internet Chess Club"]
[Date "2017.01.06"]
[Round "4"]
[White "artspir"]
[Black "Aquaman"]
[Result "0-1"]
[WhiteElo "1167"]
[BlackElo "1329"]
[Opening "Modern defense"]
[ECO "A40"]
[Time "15:30:24"]
[TimeControl "2700+45"]

1. d4 g6 2. Nf3 Bg7 3. Bf4 d6 4. e3 Nd7 5. Be2 Ngf6 6. Nbd2 O-O 7. O-O c5 8. c3
b6 9. Qc2 Nh5 10. Bg3 Nxg3 11. hxg3 Nf6 12. Nh2 Bd7 13. Bf3 Rb8 14. a4 a5 15. e4
cxd4 16. cxd4 Rc8 17. Qd3 Rc7 18. Nc4 Qb8 19. b3 Rfc8 20. Rac1 Qa7 21. e5 dxe5
22. dxe5 Ne8 23. Rfe1 Be6 24. Bg4 Bxg4 25. Nxg4 Rd7 26. Qf3 e6 27. Re2 Rcd8 28.
Rce1 h5 29. Nf6+ Nxf6 30. exf6 Bf8 31. Ne5 Rc7 32. Nc6 Qa8 33. Nxd8 Qxd8 34. g4
hxg4 35. Qxg4 Qxf6 36. Re3 Bb4 37. Rd1 Rc8 38. Rf3 Qg7 39. Qg5 f6 40. Rxf6 Be7
41. Rd7 Qxf6 42. Qh6 Rf8 43. Rxe7 Qxe7 44. Qxg6+ Qg7 45. Qxe6+ Rf7 46. Qc8+ Qf8
47. Qg4+ Rg7 48. Qe6+ Qf7 49. Qxb6 Qg6 50. Qd8+ Kh7 51. Qh4+ Qh6 52. Qxh6+ Kxh6
53. Kh2 Rc7 54. g4 Kg5 55. f3 Rc3 56. b4 axb4 57. a5 Ra3 58. Kg3 Rxa5 59. f4+
Kf6 60. g5+ Rxg5+ 61. fxg5+ Kxg5 62. Kf2 b3 63. Ke2 b2 64. Kd1 b1=Q+ {White
resigns} 0-1

[Event "Team 45 45 League T71"]
[Site "Internet Chess Club"]
[Date "2017.01.07"]
[Round "4"]
[White "mongmong"]
[Black "drsigmund1"]
[Result "1-0"]
[WhiteElo "1515"]
[BlackElo "1376"]
[Opening "Queen's pawn"]
[ECO "A40"]
[Time "18:00:21"]
[TimeControl "2700+45"]

1. d4 e6 2. Nf3 b6 3. e4 d5 4. Bd3 Ba6 5. c3 Bxd3 6. Qxd3 Ne7 7. Bg5 Qd7 8. e5
h6 9. Bh4 Nf5 10. O-O Nxh4 11. Nxh4 Be7 12. Nf3 O-O 13. Nbd2 c5 14. Rac1 Nc6 15.
Qe2 c4 16. h3 a5 17. Nh2 a4 18. a3 b5 19. Qh5 Bg5 20. f4 Be7 21. f5 exf5 22.
Qxf5 Qxf5 23. Rxf5 Bg5 24. Rd1 Nd8 25. Rff1 Ne6 26. g3 Be3+ 27. Kg2 Ra6 28. Rf3
Bxd2 29. Rxd2 Ng5 30. Rf1 Ne4 31. Re2 Rg6 32. g4 h5 33. Rf5 h4 34. Nf1 Ng5 35.
Nd2 Ne4 36. Nxe4 dxe4 37. Rxe4 Kh7 38. Rh5+ Rh6 39. Rxh6+ gxh6 40. Kf3 Kg6 41.
Rf4 Kg5 42. Rf5+ Kg6 43. Kf4 Re8 44. Rf6+ Kg7 45. Kf5 {Black resigns} 1-0

[Event "Team 45 45 League T71"]
[Site "Internet Chess Club"]
[Date "2017.01.06"]
[Round "4"]
[White "dabodhi"]
[Black "PsyMar"]
[Result "1/2-1/2"]
[WhiteElo "1349"]
[BlackElo "1380"]
[Opening "Réti opening"]
[ECO "A04"]
[Time "15:04:34"]
[TimeControl "2700+45"]

1. Nf3 Nc6 2. d4 e6 3. e4 d5 4. e5 f6 5. Bb5 Bd7 6. Qe2 Nge7 7. O-O Nxe5 8. dxe5
c6 9. Bd3 Ng6 10. Bf4 Nxf4 11. Qd2 Nxd3 12. Qxd3 Qb6 13. b3 Bc5 14. Nbd2 O-O-O
15. Rac1 Ba3 16. Rcd1 Qc7 17. Rfe1 fxe5 18. Nxe5 Bd6 19. Ndf3 Rdf8 20. Qd4 c5
21. Qg4 Rxf3 22. Nxf3 e5 23. Qxg7 Rf8 24. Nxe5 d4 25. Qxd7+ Qxd7 26. Nxd7 Kxd7
27. Re4 h5 28. Rde1 Kc6 29. Re6 Kd5 30. Rh6 Rf5 31. Ree6 Be5 32. f3 c4 33. Re7
d3 34. Rd7+ Kc5 35. cxd3 Bd4+ 36. Kf1 cxd3 37. Rc7+ Kd5 38. Rd7+ Kc5 39. Rc7+
Kd5 40. Rd7+ Kc5 {Game drawn by repetition} 1/2-1/2

[Event "Team 45 45 League T71"]
[Site "Internet Chess Club"]
[Date "2017.01.08"]
[Round "4"]
[White "stantheman59"]
[Black "Just-Jim"]
[Result "1-0"]
[WhiteElo "1237"]
[BlackElo "1298"]
[Opening "Philidor's defense"]
[ECO "C41"]
[Time "16:35:40"]
[TimeControl "2700+45"]

1. e4 e5 2. Nf3 d6 3. d4 Be7 4. Bd3 Nf6 5. Nc3 d5 6. dxe5 dxe4 7. Bxe4 Qxd1+ 8.
Kxd1 Nxe4 9. Nxe4 O-O 10. Bg5 Bxg5 11. Nfxg5 Nc6 12. Nf3 Bg4 13. Ke1 Bxf3 14.
gxf3 Nxe5 15. f4 Nf3+ 16. Ke2 Nd4+ 17. Kf1 Rfe8 18. c3 Nf3 19. Ng5 Nd2+ 20. Kg2
Nc4 21. b3 Nb6 22. c4 Nd7 23. Rhe1 h6 24. Nf3 Nf6 25. Rxe8+ Rxe8 26. Re1 Rxe1
27. Nxe1 Nh5 28. Kf3 f5 29. h4 Nf6 30. Nc2 a6 31. Nd4 g6 32. Ne6 Ne8 33. b4 b6
34. a4 Kf7 35. Nd4 c5 36. bxc5 bxc5 37. Nb3 Nd6 38. Nxc5 Nxc4 39. Nxa6 Na5 40.
Ke3 Ke6 41. Kd4 Kd6 42. Nb4 Ke6 43. Kc5 Kf6 44. Kb5 Nb3 45. a5 Nxa5 46. Kxa5 g5
47. fxg5+ hxg5 48. hxg5+ Kxg5 49. Nd3 Kg4 50. f4 Kf3 51. Kb4 Ke3 52. Kc3 Ke4 53.
Kc4 Ke3 54. Kd5 Kf3 55. Ke5 Kg4 56. Kf6 Kh5 57. Kxf5 Kh6 58. Kf6 Kh7 59. f5 Kh6
60. Ke7 Kg7 61. f6+ Kg8 62. f7+ {Black resigns} 1-0

[Event "Team 45 45 League T71"]
[Site "Internet Chess Club"]
[Date "2017.01.08"]
[Round "4"]
[White "yuanbao2007"]
[Black "Andaluz"]
[Result "1/2-1/2"]
[WhiteElo "1148"]
[BlackElo "1308"]
[Opening "QGD: Marshall defense"]
[ECO "A50"]
[Time "13:02:06"]
[TimeControl "2700+45"]

1. d4 Nf6 2. c4 d5 3. cxd5 Nxd5 4. e4 Nf6 5. Nc3 c6 6. Nf3 Bg4 7. h3 Bh5 8. Be2
e6 9. O-O Be7 10. Be3 Nbd7 11. Qb3 Qb6 12. Qxb6 Nxb6 13. e5 Nfd5 14. Nxd5 Nxd5
15. Rae1 Nxe3 16. fxe3 O-O-O 17. Nd2 Bg6 18. Bf3 Bb4 19. Rf2 h5 20. a3 Bxd2 21.
Rxd2 Rd7 22. e4 Rhd8 23. Red1 Kc7 24. d5 exd5 25. exd5 cxd5 26. Rxd5 Rxd5 27.
Rxd5 {Game drawn by mutual agreement} 1/2-1/2

[Event "Team 45 45 League T71"]
[Site "Internet Chess Club"]
[Date "2017.01.08"]
[Round "4"]
[White "olivermx"]
[Black "Uku"]
[Result "0-1"]
[WhiteElo "1280"]
[BlackElo "1252"]
[Opening "Ruy Lopez: Berlin defense"]
[ECO "C65"]
[Time "12:25:55"]
[TimeControl "2700+45"]

1. e4 e5 2. Nf3 Nc6 3. Bb5 Nf6 4. d3 Bc5 5. O-O d6 6. Bg5 Bg4 7. Nbd2 O-O 8. h3
Bh5 9. Bxc6 bxc6 10. Qe1 d5 11. Nxe5 Qd6 12. Nef3 dxe4 13. Bxf6 Qxf6 14. Nxe4
Qf5 15. Nxc5 Qxc5 16. Qe5 Qxc2 17. Qxh5 Qxd3 18. Ne5 Qb5 19. b3 f6 20. Rfe1 fxe5
21. Rxe5 Qb6 22. Re7 Qxf2+ 23. Kh2 Qf6 24. Qe5 Qxe5+ 25. Rxe5 Rad8 26. Re2 Rd6
27. Kg1 Rfd8 28. Ree1 Rd2 29. Rac1 R2d6 30. Kh2 Kf7 31. Rc2 Re8 32. Rf2+ Rf6 33.
Rxe8 Kxe8 34. Re2+ Kd7 35. Rd2+ Rd6 36. Rc2 Ke7 37. Rc3 Kd7 38. g3 Rd2+ 39. Kg1
Rxa2 40. Rc4 Ra3 41. Rd4+ Kc8 42. Rd3 c5 43. Rc3 c4 44. Rxc4 Rxb3 45. Rg4 g6 46.
Kg2 Rb2+ 47. Kg1 Rb5 48. Kg2 a5 49. Re4 Kb7 50. Re7 h5 51. Re4 Rb6 52. Ra4 Ra6
53. g4 hxg4 54. hxg4 Kb6 55. Kg3 Kb5 56. Ra2 a4 57. Rb2+ Kc4 58. Rc2+ Kb3 59.
Rxc7 a3 60. Rb7+ Ka4 61. Rb1 a2 62. Ra1 Kb3 63. Rf1 a1=Q 64. Rxa1 Rxa1 {White
resigns} 0-1

[Event "Team 45 45 League T71"]
[Site "Internet Chess Club"]
[Date "2017.01.07"]
[Round "4"]
[White "vedv"]
[Black "SeniorCitizen"]
[Result "0-1"]
[WhiteElo "950"]
[BlackElo "1201"]
[Opening "French: advance, Steinitz variation"]
[ECO "C02"]
[Time "12:00:22"]
[TimeControl "2700+45"]

1. e4 e6 2. d4 d5 3. e5 c5 4. dxc5 Bxc5 5. Nf3 Nc6 6. Bb5 Bd7 7. O-O Qb6 8. a4
a6 9. Bd3 Nge7 10. c3 Qc7 11. b4 Ba7 12. b5 axb5 13. axb5 Nxe5 14. Nxe5 Qxe5 15.
Re1 Qc7 16. Qb3 O-O 17. b6 Bxb6 18. Rxa8 Rxa8 19. Nd2 Ng6 20. Ba3 Bc5 21. Nb1
Bc6 22. Bxc5 Ba4 23. Qb4 Bc6 24. Bc2 Qa5 25. Qxa5 Rxa5 26. Bb4 Ra2 27. Bb3 Rb2
28. Bd1 Rxb1 29. Bc5 Nf4 30. Be3 Ng6 31. Rf1 e5 32. Bc5 f6 33. Bd6 Kf7 34. h4
Nf4 35. Bh5+ Nxh5 36. Rxb1 Ke6 37. Bc5 g6 38. Rb6 Nf4 39. Be3 Ne2+ 40. Kf1 Nxc3
41. Rb3 Nb5 42. g4 Nd6 43. g5 Nf5 44. gxf6 Nxe3+ 45. fxe3 Kxf6 46. Ke2 e4 47.
Kd2 Kf5 48. Kc3 Kg4 49. Rb1 Kxh4 50. Rh1+ Kg5 51. Rxh7 Kg4 52. Kb4 g5 53. Kc5
Kf3 54. Rg7 g4 55. Kb6 g3 56. Kc5 g2 57. Kd4 Kf2 58. Kc3 g1=Q 59. Rxg1 Kxg1 60.
Kd4 Kf2 61. Kc5 Kxe3 62. Kb4 Kd4 63. Kb3 e3 64. Kc2 Ba4+ 65. Kc1 Kd3 66. Kb2 e2
67. Kc1 e1=Q+ 68. Kb2 Qc3+ 69. Ka2 Qb3+ 70. Ka1 Qd1+ 71. Kb2 Qh5 72. Ka3 Bd1 73.
Kb4 Qe8 74. Kc5 d4 75. Kb4 Qc6 76. Ka5 Qc1 77. Kb6 Bh5 78. Kxb7 Bf3+ 79. Kb6 Bb7
80. Kxb7 Qc6+ 81. Kxc6 Kc3 82. Kc5 d3 83. Kd5 d2 84. Ke4 d1=R 85. Ke3 Rd8 86.
Kf4 Re8 87. Kf5 Kd4 88. Kf6 Kd5 89. Kf7 Re2 90. Kf6 Re3 91. Kf5 Rf3+ 92. Kg4 Rf8
93. Kg3 Ke5 94. Kg2 Ke4 95. Kg3 Rf7 96. Kg2 Ke3 97. Kg1 Ke2 98. Kh2 Rg7 99. Kh3
Kf3 100. Kh4 Kf4 101. Kh5 Rg1 102. Kh6 Kf5 103. Kh7 Kf6 104. Kh8 Kf7 105. Kh7
{White resigns} 0-1

[Event "Team 45 45 League T71"]
[Site "Internet Chess Club"]
[Date "2017.01.08"]
[Round "4"]
[White "oldbookseller"]
[Black "Rbug"]
[Result "1-0"]
[WhiteElo "1015"]
[BlackElo "1061"]
[Opening "Queen's pawn game, Chigorin variation"]
[ECO "D02"]
[Time "10:01:29"]
[TimeControl "2700+45"]

1. d4 d5 2. Nf3 Nc6 3. e3 a6 4. Bd3 Bg4 5. Nbd2 Nf6 6. O-O e6 7. e4 dxe4 8. Nxe4
Nxd4 9. Ned2 Bd6 10. c3 Nxf3+ 11. Nxf3 O-O 12. Bc2 h6 13. Qd3 Qe7 14. h3 Bxf3
15. Qxf3 c6 16. Qd3 Rfd8 17. Qe3 Nd5 18. Qe4 Nf6 19. Qe1 Qc7 20. g3 Bc5 21. Bf4
Bd6 22. Qc1 Bxf4 23. gxf4 Nh5 24. Bb1 Nxf4 25. Qc2 Nxh3+ 26. Kg2 Ng5 27. f4 Kf8
28. fxg5 hxg5 29. Qf2 f6 30. Bg6 c5 31. Rae1 Qc6+ 32. Be4 Qd7 33. Qxc5+ Kf7 34.
Qf2 e5 35. Qf3 Rab8 36. Qh5+ Kf8 37. Qh8+ Kf7 38. Qh5+ Kf8 39. Rxf6+ gxf6 40.
Qh6+ Qg7 41. Qh3 Rd2+ 42. Kg3 Rxb2 43. Bd5 Rd8 44. Rd1 Rxa2 45. Qe6 Qe7 46. Qg8#
{Black checkmated} 1-0

[Event "Team 45 45 League T71"]
[Site "Internet Chess Club"]
[Date "2017.01.08"]
[Round "4"]
[White "rkjulianjr"]
[Black "Electryon"]
[Result "1/2-1/2"]
[WhiteElo "1333"]
[BlackElo "1412"]
[Opening "Dutch defense, Rubinstein variation"]
[ECO "A40"]
[Time "10:03:41"]
[TimeControl "2700+45"]

1. d4 e6 2. c4 f5 3. Nc3 Nf6 4. e3 Bb4 5. Qc2 Ne4 6. Bd3 d5 7. Nf3 c6 8. Bd2 Nd7
9. O-O O-O 10. a3 Bd6 11. c5 Bc7 12. b4 Qf6 13. g3 Qh6 14. Rfb1 Qh5 15. Qd1 b5
16. Bf1 Ndf6 17. Ne5 Nxd2 18. Qxd2 Bxe5 19. dxe5 Ne4 20. Nxe4 fxe4 21. Qe2 Qxe5
22. a4 Ba6 23. Qb2 Qf5 24. axb5 Bxb5 25. Bxb5 cxb5 26. c6 Rf7 27. Rc1 Rc7 28.
Qd4 Rf8 29. Rc2 Qf6 30. Qxf6 Rxf6 31. Rc5 Rf8 32. Ra5 Rb8 33. Ra6 Rb6 34. Rxb6
axb6 35. Rc3 Kf7 36. Kg2 Ke7 37. f3 exf3+ 38. Kxf3 Kd6 39. e4 dxe4+ 40. Kxe4
Rxc6 41. Rd3+ Ke7 42. Ke5 Rc4 43. Rd6 Rxb4 44. Rxe6+ Kf7 45. Rxb6 Rb2 46. h4 b4
47. Kd4 Rg2 48. Rb7+ Kf6 49. Rb6+ Kf7 50. Rb7+ Kf6 51. Rb6+ Kf7 52. Rb7+ {Game
drawn by repetition} 1/2-1/2

[Event "Team 45 45 League T71"]
[Site "Internet Chess Club"]
[Date "2017.01.09"]
[Round "4"]
[White "Aquaman"]
[Black "Toalla"]
[Result "1-0"]
[WhiteElo "1342"]
[BlackElo "1250"]
[Opening "English opening"]
[ECO "A05"]
[Time "15:34:29"]
[TimeControl "2700+45"]

1. Nf3 Nf6 2. c4 g6 3. Nc3 d5 4. cxd5 Nxd5 5. g3 Nxc3 6. bxc3 Bg7 7. Bg2 c6 8.
O-O O-O 9. d4 Nd7 10. e4 Qa5 11. Bd2 Qc7 12. Qc1 Re8 13. Rb1 c5 14. d5 Nb6 15.
c4 f6 16. Bf4 Qd7 17. h4 e5 18. Bd2 Na4 19. Qc2 a6 20. Kh2 b5 21. cxb5 axb5 22.
a3 h6 23. Rfd1 Rb8 24. Be3 Bf8 25. Bf1 Ba6 26. Bh3 Qg7 27. d6 c4 28. d7 Red8 29.
Rd2 Bc5 30. Bxc5 Nxc5 31. Rd5 Nxd7 32. Rbd1 Bc8 33. Qd2 Rb7 34. Rc5 Kf8 35. Rd5
Ke8 36. Qb4 Qe7 37. Qb2 Rb6 38. Qd2 Qg7 39. Rb1 Rb7 40. Rbxb5 Rxb5 41. Rxb5 Qe7
42. a4 Nb6 43. Qa5 c3 44. Qxc3 Nxa4 45. Qa5 Bxh3 46. Kxh3 Qd7+ 47. Kg2 Qd1 48.
Rb4 Rd3 49. Qxa4+ Qxa4 50. Rxa4 g5 51. hxg5 hxg5 52. Nh2 Rd4 53. Ra8+ Kf7 54.
Kf3 Kg6 55. Rg8+ Kf7 56. Ra8 Kg6 57. Ra6 Rd3+ 58. Ke2 Rb3 59. Ng4 Rb2+ 60. Kf1
Rb1+ 61. Kg2 Kh5 62. Nxf6+ Kh6 63. Nd7+ Kh5 64. Nxe5 {Black resigns} 1-0

[Event "Team 45 45 League T71"]
[Site "Internet Chess Club"]
[Date "2017.01.07"]
[Round "4"]
[White "tasawyer81"]
[Black "GiantsFan"]
[Result "1-0"]
[WhiteElo "1185"]
[BlackElo "1154"]
[Opening "QGD: Ragozin variation"]
[ECO "D38"]
[Time "19:02:37"]
[TimeControl "2700+45"]

1. d4 d5 2. c4 e6 3. Nf3 Nf6 4. Nc3 Bb4 5. Bd2 c5 6. e3 Nbd7 7. cxd5 Bxc3 8.
bxc3 Nxd5 9. c4 N5f6 10. Be2 cxd4 11. exd4 O-O 12. O-O b6 13. Re1 Ba6 14. Rc1
Re8 15. c5 Bxe2 16. Qxe2 Rc8 17. c6 Nb8 18. Bf4 Nxc6 19. Ne5 Nxd4 20. Qa6 Rxc1
21. Rxc1 Ne4 22. Qxa7 Re7 23. Qa6 b5 24. Rc8 Ne2+ 25. Kf1 Nxf4 26. Rxd8+ Re8 27.
Rxe8# {Black checkmated} 1-0

[Event "Team 45 45 League T71"]
[Site "Internet Chess Club"]
[Date "2017.01.08"]
[Round "4"]
[White "artspir"]
[Black "WzeroMN"]
[Result "1-0"]
[WhiteElo "1183"]
[BlackElo "1143"]
[Opening "Queen's pawn"]
[ECO "A40"]
[Time "11:01:15"]
[TimeControl "2700+45"]

1. d4 e6 2. Nf3 Nf6 3. h3 d5 4. Bf4 Bd6 5. Bxd6 Qxd6 6. Nbd2 O-O 7. e3 Nbd7 8.
c3 c6 9. Bd3 b6 10. O-O a5 11. a4 Ba6 12. Qe2 Bxd3 13. Qxd3 h6 14. c4 Rfe8 15.
Rfc1 c5 16. cxd5 exd5 17. Ra3 c4 18. Qe2 Rac8 19. Rac3 Ne4 20. Nxe4 dxe4 21. Nd2
Qb4 22. Nxc4 Nf6 23. Qd2 Nd5 24. Nd6 Nxc3 25. Nxc8 Ne2+ 26. Qxe2 Rxc8 27. Rxc8+
Kh7 28. Qg4 Qe1+ 29. Kh2 Qxf2 30. Qxe4+ g6 31. Qe5 f6 32. Qe7# {Black
checkmated} 1-0